 Dungeon Crawl Stone Soup version 0.31-a0-230-g09eb5fc4d3 (webtiles) character file.

Game seed: 9348624265959591182

512 qw the Shooter (level 7, -2/43 HPs)
             Began as a Gargoyle Hexslinger on July 6, 2023.
             Slain by an ice beast (4 damage)
             ... on level 5 of the Dungeon.
             The game lasted 00:01:24 (2946 turns).

qw the Shooter (Gargoyle Hexslinger)                Turns: 2946, Time: 00:01:24

Health: -2/43      AC: 12    Str: 12    XL:     7   Next: 19%
Magic:  8/8        EV: 10    Int: 16    God:
Gold:   435        SH:  0    Dex: 14    Spells: 7/8 levels left

rFire   . . .        Y - +3 longbow
rCold   . . .        (shield currently unavailable)
rNeg    + . .        i - +0 ring mail
rPois   inf          a - +0 helmet {Int+3}
rElec   +            (no cloak)
rCorr   .            b - +0 pair of gloves
SInv    .            (no boots)
Will    .....        d - amulet of the acrobat
Stlth   +            (no ring)
HPRegen 0.27/turn    (no ring)
MPRegen 0.11/turn

%: acrobat
@: no status effects
A: sickness immunity, AC +4, negative energy resistance 1, electricity
resistance, torment resistance 1, petrification resistance
a: no special abilities


You were on level 5 of the Dungeon.
You visited 1 branch of the dungeon, and saw 5 of its levels.
You also visited: Ossuary.

You collected 484 gold pieces.
You spent 49 gold pieces at shops.


Innate Abilities, Weirdness & Mutations

You are immune to sickness and miasma.
Your stone body is resilient. (AC +4)
You are immune to poison.
You resist negative energy. (rN+)
You are resistant to electric shocks. (rElec)
You are resistant to unholy torment.
You are immune to petrification.


   Skills:
 - Level 4.0 Fighting
 + Level 6.4 Ranged Weapons
 - Level 1.3 Armour
 - Level 1.5 Dodging
 - Level 1.0 Spellcasting
 - Level 2.6 Hexes


You had 7 spell levels left.
You knew the following spells:

 Your Spells              Type           Power      Damage    Failure   Level
a - Slow                  Hex            36%        N/A       17%         1

Your spell library contained the following spells:

 Spells                   Type           Power      Damage    Failure   Level
 Inner Flame              Hex/Fire       5%         N/A       65%         3
 Portal Projectile        Hex/Tloc       10%        N/A       65%         3
 Cause Fear               Hex            4%         N/A       86%         4

Inventory:

Hand Weapons
 Y - a +3 longbow (weapon)
Armour
 a - a +0 helmet of intelligence (worn)
 b - a +0 pair of gloves (worn)
 i - a +0 ring mail (worn)
Jewellery
 d - an amulet of the acrobat (around neck)
Potions
 c - a potion of invisibility {unknown}
 f - a potion of heal wounds {unknown}
 g - 2 potions of curing
 h - a potion of enlightenment {unknown}
 j - a potion of might
 l - a potion of mutation {unknown}

Dungeon Overview and Level Annotations

Branches:
Dungeon (5/15)            Ossuary (visited)
 Temple: D:4-7

Altars:
Nemelex Xobeh
Qazlal
Ru
Trog
Vehumet

Shops:
D:3 [

Annotations:
D:3 1 runed translucent door, qw's ghost, amateur MiHs


Message History

You shoot an arrow. The arrow closely misses the gnoll.
The gnoll barely misses you.
You shoot an arrow. The arrow closely misses the gnoll.
The gnoll hits you but does no damage.
An ice beast comes into view.
The gnoll hits you with a +0 whip.
The gnoll hits you from afar with a +0 halberd.
You shoot an arrow. The arrow hits the gnoll!
The gnoll is heavily wounded.
The gnoll barely misses you. The gnoll misses you.
You shoot an arrow. The arrow hits the gnoll!
You kill the gnoll!
The gnoll barely misses you. The gnoll closely misses you.
You shoot an arrow. The arrow closely misses the gnoll.
The gnoll closely misses you.
You shoot an arrow. The arrow hits the gnoll.
The gnoll is severely wounded.
The gnoll closely misses you.
The gnoll hits you from afar with a +0 halberd!
The ice beast closely misses you.
You shoot an arrow. The arrow barely misses the ice beast.
The gnoll hits you from afar with a +0 halberd.
The ice beast closely misses you.
You shoot an arrow. The arrow hits the ice beast!
The ice beast is moderately wounded.
The gnoll closely misses you. The ice beast barely misses you.
The gnoll closely misses you. The ice beast hits you.
The ice beast freezes you!
You shoot an arrow.
The arrow hits the ice beast but does no damage.
The ice beast is moderately wounded.
The gnoll closely misses you.
The ice beast hits you but does no damage.
You shoot an arrow. The arrow hits the ice beast!
The ice beast is severely wounded.
The gnoll closely misses you. The ice beast closely misses you.
The gnoll completely misses you.
The ice beast hits you but does no damage.
You shoot an arrow. The arrow barely misses the ice beast.
The gnoll barely misses you. The ice beast hits you.
You die...

##.# ...#### .......
###### )...... .....#
....... ...<.# g......
.....# ######Y......
.....# #....@.......
.....#######............
..................######
####..............#
#..............#
#..............#
###..............#
##.'........>.....+
.#.#..............#


You could see an ice beast and a gnoll.

Vanquished Creatures
  An ogre (D:4)
  A centaur (D:4)
  A human zombie (Ossuary)
  2 hounds (D:4)
  2 orc wizards (D:5)
  2 mummies (Ossuary)
  3 gnolls (D:5)
  8 adders
  A worm (D:2)
  5 dart slugs
  4 orcs
  3 bats
  4 endoplasms
  A giant cockroach (D:4)
  3 gnoll zombies (Ossuary)
  2 goblins (D:3)
  4 hobgoblins
  4 jackals
  7 kobolds
  4 quokkas
  5 ball pythons
  4 frilled lizards
  3 goblin zombies (Ossuary)
  3 hobgoblin zombies (Ossuary)
  4 orc zombies (Ossuary)
  6 rats
87 creatures vanquished.

Notes
Turn   | Place    | Note
-------+----------+-------------------------------------------
     0 | D:1      | qw the Gargoyle Hexslinger began the quest for the Orb.
     0 | D:1      | Reached XP level 1. HP: 12/12 MP: 2/2
     0 | D:1      | 0 ||| qw: Version: 0.3-a-46-gb1f654a
     0 | D:1      | 0 ||| qw: Game counter: 1810
     0 | D:1      | 0 ||| qw: Melee chars always use a shield: true
     0 | D:1      | 0 ||| qw: God list: Okawaru
     0 | D:1      | 0 ||| qw: Allow faded altars: false
     0 | D:1      | 0 ||| qw: Do Orc after clearing Dungeon:15 true
     0 | D:1      | 0 ||| qw: Do second Lair branch before Depths: true
     0 | D:1      | 0 ||| qw: Lair rune preference: random
     0 | D:1      | 0 ||| qw: Goals: Normal
     0 | D:1      | 0 ||| PLANNING D:1-11
   116 | D:1      | Reached XP level 2. HP: 16/16 MP: 3/3
   171 | D:1      | Reached skill level 3 in Ranged Weapons
   684 | D:1      | 684 ||| UPGRADING to +0 ring mail.
   694 | D:1      | 694 ||| DROPPING +0 robe.
   695 | D:1      | 695 ||| UPGRADING to amulet of the acrobat.
   700 | D:1      | 700 ||| READING scroll labelled MUOSSADE ZUUJO.
   701 | D:1      | 701 ||| DROPPING scroll of poison.
   735 | D:2      | Reached XP level 3. HP: 18/21 MP: 4/4
   899 | D:2      | 899 ||| SWAPPING to +0 longbow.
   907 | D:2      | 907 ||| DROPPING +1 sling.
   969 | D:2      | Reached XP level 4. HP: 25/26 MP: 5/5
  1050 | D:2      | Reached skill level 4 in Ranged Weapons
  1120 | D:2      | 1120 ||| UPGRADING to +0 helmet of intelligence.
  1125 | D:2      | 1125 ||| READING scroll labelled JOEFARR CIAMO.
  1126 | D:2      | 1126 ||| READING scroll labelled DUCHUEN JUEPN.
  1129 | D:2      | 1129 ||| READING scroll labelled ERGHARH HERPHO.
  1221 | D:3      | Reached skill level 1 in Armour
  1264 | D:3      | Found Wiycuph's Armour Boutique.
  1273 | D:3      | 1273 ||| BUYING +0 pair of gloves (49 gold).
  1273 | D:3      | Bought a +0 pair of gloves for 49 gold pieces
  1296 | D:3      | Found a runed translucent door.
  1296 | D:3      | Noticed qw's ghost (amateur MiHs)
  1764 | D:3      | 1764 ||| UPGRADING to +0 pair of gloves.
  1769 | D:3      | 1769 ||| DRINKING 2 fizzy puce potions.
  1788 | D:4      | 1788 ||| PLANNING OSSUARY
  1790 | D:4      | Found a sand-covered staircase.
  1792 | D:4      | Noticed an ogre
  1797 | D:4      | Killed an ogre
  1798 | D:4      | Reached skill level 5 in Ranged Weapons
  1798 | D:4      | Reached XP level 5. HP: 30/30 MP: 6/6
  1802 | D:4      | 1802 ||| FLEEEEING.
  1803 | D:4      | 1803 ||| FLEEEEING.
  1804 | D:4      | 1804 ||| FLEEEEING.
  1805 | D:4      | 1805 ||| STAIRDANCE
  1844 | D:4      | 1844 ||| STAIRDANCE
  1876 | D:4      | 1876 ||| STAIRDANCE
  1908 | D:4      | 1908 ||| STAIRDANCE
  1940 | D:4      | 1940 ||| STAIRDANCE
  1972 | D:4      | 1972 ||| STAIRDANCE
  2017 | Ossuary  | Entered an ossuary
  2042 | Ossuary  | Reached skill level 3 in Fighting
  2042 | Ossuary  | Reached XP level 6. HP: 34/37 MP: 7/7
  2146 | D:4      | 2146 ||| PLANNING D:1-11
  2343 | D:4      | Found a sparkling altar of Nemelex Xobeh.
  2348 | D:4      | Found a bloodstained altar of Trog.
  2353 | D:4      | Found a stormy altar of Qazlal.
  2356 | D:4      | Found a sacrificial altar of Ru.
  2417 | D:4      | HP: 7/37 [centaur/arrow (4)]
  2420 | D:4      | Reached skill level 6 in Ranged Weapons
  2430 | D:4      | 2430 ||| FLEEEEING.
  2432 | D:4      | 2432 ||| STAIRDANCE
  2560 | D:3      | 2560 ||| READING scroll labelled FORGHI YDERUFI.
  2561 | D:3      | 2561 ||| READING scroll labelled ZYBIQU ROGGE.
  2562 | D:3      | 2562 ||| READING 3 scrolls labelled GUZEAL NAUNAV.
  2563 | D:3      | 2563 ||| READING 2 scrolls of enchant weapon.
  2563 | D:3      | 2563 ||| ENCHANTING +1 longbow.
  2564 | D:3      | 2564 ||| READING scroll of enchant weapon.
  2564 | D:3      | 2564 ||| ENCHANTING +2 longbow.
  2565 | D:3      | 2565 ||| DRINKING 2 smoky grey potions.
  2668 | D:4      | Identified the +3 scale mail of the Keeping Gods {Harm
                  | Int+2}
  2671 | D:4      | Found a radiant altar of Vehumet.
  2776 | D:5      | Entered Level 5 of the Dungeon
  2797 | D:5      | Reached XP level 7. HP: 41/41 MP: 8/8
  2942 | D:5      | HP: 9/43 [gnoll/+0 halberd (4)]
  2943 | D:5      | HP: 1/43 [ice beast (8)]
  2946 | D:5      | Slain by an ice beast

Levels and vault maps discovered:
D:1:      dpeg_arrival_pits, layout_loops_cross
D:2:      layout_rooms
D:3:      layout_basic, hellmonk_ghost_happy_afterlife, serial_shops, shop
D:4:      layout_cave_pools, amcnicky_altar_gilded,
          grunt_temple_overflow_cloverleaf, nicolae_ossuary_entry_monument
D:5:      layout_basic, uniq_crazy_yiuf_cottage

Skill      XL: |  1  2  3  4  5  6  7 |
---------------+----------------------+-----
Ranged Weapons | 3 5 6 |  6.4
Fighting       | 2 3 4 |  4.0
Armour         | 1 |  1.3
Dodging        | |  1.5
Spellcasting   | |  1.0
Hexes          | |  2.6

Action                     |  1- 3 |  4- 6 |  7- 9 || total
---------------------------+-------+-------+-------++-------
   Fire: Sling             |    84 |       |       ||    84
         Longbow           |    13 |   148 |    27 ||   188
    Use: Scroll            |     1 |     8 |       ||     9
         Potion            |       |     2 |       ||     2
 Armour: Robe              |     6 |       |       ||     6
         Ring mail         |    11 |    44 |     4 ||    59
  Dodge: Dodged            |    24 |    48 |    20 ||    92

Table legend:
 A = Non-vault XP
 B = Vault XP
 C = Vault XP percentage of total XP
 D = Non-vault monster count
 E = Vault monster count
 F = Vault count percentage of total count
                 A         B        C        D         E       F
            +---------+---------+-------+---------+---------+-------
      Total |     638 |      94 |  12.8 |      71 |      16 |  18.4
            +---------+---------+-------+---------+---------+-------
        D:1 |      30 |       0 |   0.0 |      19 |       0 |   0.0
        D:2 |      78 |       0 |   0.0 |      15 |       0 |   0.0
        D:3 |      45 |       0 |   0.0 |      12 |       0 |   0.0
        D:4 |     362 |       0 |   0.0 |      17 |       0 |   0.0
        D:5 |     123 |       0 |   0.0 |       8 |       0 |   0.0
    Ossuary |       0 |      94 | 100.0 |       0 |      16 | 100.0
            +---------+---------+-------+---------+---------+-------
